 Dungeon Crawl Stone Soup version 0.19.5 (webtiles) character file.

269 Zoots the Grave Robber (level 6, 0/41 HPs)
             Began as a Mummy Necromancer on Apr 2, 2017.
             Slain by an iguana (11 damage)
             ... on level 4 of the Dungeon on Apr 16, 2017.
             The game lasted 00:24:05 (5079 turns).

Zoots the Grave Robber (Mummy Necromancer)          Turns: 5079, Time: 00:24:05

Health: 0/41       AC:  2    Str: 11    XL:     6   Next: 1%
Magic:  8/12       EV: 12    Int: 17    God:
Gold:   152        SH:  0    Dex: 12    Spells: 1 memorised, 12 levels left

rFire  x . .     SeeInvis .     y - +0 hunting sling
rCold  + . .     Gourm    .     a - +0 robe
rNeg   + + +     Faith    .     (no shield)
rPois  ∞         Spirit   .     (no helmet)
rElec  .         Reflect  .     (no cloak)
rCorr  .         Harm     .     (no gloves)
MR     .....                    (no boots)
Stlth  ++........               (no amulet)
                                (no ring)
                                (no ring)

@: no status effects
A: no food or potions, fire vulnerability, cold resistance 1, negative energy
resistance 3, torment resistance, unbreathing
a: no special abilities


You were on level 4 of the Dungeon.
You were not hungry.

You visited 1 branch of the dungeon, and saw 4 of its levels.

You collected 152 gold pieces.

Inventory:

Hand Weapons
 f - a +0 club
 g - a +0 hand axe
 l - a +0 dagger
 q - a +0 dagger
 t - a +0 dagger
 y - a +0 hunting sling (weapon)
Missiles
 c - 96 arrows
 e - 7 sling bullets (quivered)
 v - 142 stones
Armour
 a - a +0 robe (worn)
 d - a +0 robe
 m - a +0 robe
 s - a +0 robe
 u - a +0 pair of gloves
 x - a +0 leather armour
 D - a +0 robe
Jewellery
 w - a cursed ring of teleportation
Scrolls
 h - 4 scrolls of identify
 k - a scroll of fog {unknown}
 o - a scroll of magic mapping {unknown}
 p - 2 scrolls of recharging {unknown}
 r - a scroll of remove curse {unknown}
 z - 2 scrolls of immolation {unknown}
Potions
 i - 3 potions of heal wounds {unknown}
 j - a potion of ambrosia {unknown}
 n - a potion of cancellation {unknown}
 A - a potion of flight {unknown}
 B - 2 potions of curing {unknown}
 C - a potion of degeneration {unknown}
 E - a potion of beneficial mutation {unknown}
Books
 b - a book of Necromancy

   Spells                             Type                      Level
   a - Pain                           Necromancy                   1
   b - Animate Skeleton               Necromancy                   1
   c - Vampiric Draining              Necromancy                   3
   d - Regeneration                   Charms/Necromancy            3
   e - Animate Dead                   Necromancy                   4
   f - Control Undead                 Necromancy                   4


   Skills:
 + Level 2.0 Dodging
 - Level 1.8 Stealth
 + Level 0.2 Unarmed Combat
 + Level 4.1 Spellcasting
 + Level 5.6 Necromancy


You had 12 spell levels left.
You knew the following spells:

 Your Spells              Type           Power        Failure   Level  Hunger
a - Pain                  Necr           ###.         1%          1    N/A

Dungeon Overview and Level Annotations

Branches:
Dungeon (4/15)
 Temple: D:4-7

Altars:
Zin


Innate Abilities, Weirdness & Mutations

You do not eat or drink.
Your flesh is vulnerable to fire.
You are immune to poison.
Your flesh is cold resistant. (rC+)
You are immune to negative energy. (rN+++)
You are immune to unholy pain and torment.
You can survive without breathing.


Message History

Aiming: Pain
Press: ? - help, Shift-Dir - straight line, f/p - iguana
Aim: an iguana (lightly wounded, chance to defeat MR: 87%)
The iguana writhes in agony!
The iguana closely misses you.
A frilled lizard comes into view.
Casting: Pain
Confirm with . or Enter, or press ? or * to list all spells.
Aiming: Pain
Press: ? - help, Shift-Dir - straight line, f/p - iguana
Aim: an iguana (heavily wounded, chance to defeat MR: 87%)
The iguana writhes in agony!
The frilled lizard hisses angrily.
The iguana bites you but does no damage.
Casting: Pain
Confirm with . or Enter, or press ? or * to list all spells.
Aiming: Pain
Press: ? - help, Shift-Dir - straight line, f/p - iguana
Aim: an iguana (severely wounded, chance to defeat MR: 87%)
The iguana writhes in agony!
The iguana bites you!
You die...

.# #.# #.#
.#####.#####.###########
........)....##.........
..####[########.........
..# #.########....<...(
..####........#....Z..%.
..##....................
..##.########.#...(.?l.$
..##.###.......(@l..<..(
........................
.#######.######...).....
.# # ###.###### . .# .
.# . .# . ##


You could see an iguana, a frilled lizard and a hound skeleton.

Vanquished Creatures
  A hound (D:1)
  A centaur skeleton (D:4)
  A worker ant (D:4)
  10 adders
  2 oozes
  3 worms
  5 dart slugs
  3 leopard geckos
  4 orcs (D:3)
  2 ball pythons (D:3)
  3 giant cockroaches
  5 goblins
  7 hobgoblins
  4 jackals (D:1)
  4 kobolds
  2 quokkas (D:2)
  7 bats
  4 frilled lizards
  6 rats
74 creatures vanquished.

Vanquished Creatures (others)
  A plant (D:3)
1 creature vanquished.

Grand Total: 75 creatures vanquished

Notes
Turn   | Place    | Note
-------+----------+-------------------------------------------
     0 | D:1      | Zoots the Mummy Necromancer began the quest for the Orb.
     0 | D:1      | Reached XP level 1. HP: 13/13 MP: 3/3
   444 | D:1      | Reached XP level 2. HP: 17/19 MP: 3/5
  1824 | D:1      | Reached XP level 3. HP: 17/24 MP: 1/6
  2966 | D:1      | Reached XP level 4. HP: 17/30 MP: 2/8
  3913 | D:2      | Reached skill level 5 in Necromancy
  4087 | D:3      | Reached XP level 5. HP: 31/35 MP: 6/10
  4152 | D:3      | Found a glowing silver altar of Zin.
  5061 | D:4      | Reached XP level 6. HP: 24/41 MP: 12/12
  5079 | D:4      | Slain by an iguana

Skill      XL: |  1  2  3  4  5 |
---------------+----------------+-----
Spellcasting   | 3 4 |  4.1
Necromancy     | 5 |  5.6
Dodging        | 2 |  2.0
Stealth        | |  1.8
Unarmed Combat | |  0.2

Action                   |  1- 3 |  4- 6 || total
-------------------------+-------+-------++-------
Melee: Unarmed           |     9 |       ||     9
 Fire: Hunting sling     |       |    14 ||    14
 Cast: Pain              |    76 |   112 ||   188
  Use: Scroll            |     1 |       ||     1
Armor: Robe              |    15 |    11 ||    26
Dodge: Dodged            |    43 |    44 ||    87
